 Dungeon Crawl Stone Soup version 0.20.1-1-g8b1a95d (webtiles) character file.

25758 Goboxel the Thaumaturge (level 12, -11/100 HPs)
             Began as a Green Draconian Conjurer on July 15, 2017.
             Was a High Priest of Vehumet.
             Killed from afar by an orc sorcerer (35 damage)
             ... with a bolt of fire
             ... on level 2 of the Orcish Mines.
             The game lasted 01:00:57 (16441 turns).

Goboxel the Thaumaturge (Green Draconian Conjurer) Turns: 16441, Time: 01:00:57

Health: -11/100    AC: 12    Str: 11    XL:     12   Next: 92%
Magic:  14/40      EV: 16    Int: 19    God:    Vehumet [*****.]
Gold:   1290       SH:  0    Dex: 13    Spells: 10/30 levels left

rFire    . . .     SeeInvis .   a - staff of power
rCold    . . .     Gourm    .   (no shield)
rNeg     . . .     Faith    .   (armour unavailable)
rPois    +         Spirit   .   (helmet restricted)
rElec    .         Reflect  .   J - +0 cloak
rCorr    .         Harm     .   B - +0 pair of gloves
MR       .....                  K - +1 pair of boots
Stlth    ++........             j - amulet of magic regeneration
Regen    0.3/turn               P - ring of ice
MPRegen  0.4/turn               R - ring of fire

@: short of breath
A: breathe noxious fumes, unfitting armour, poison resistance, cold-blooded, AC
+8
a: Breathe Noxious Fumes, Renounce Religion


You were on level 2 of the Orcish Mines.
You worshipped Vehumet.
Vehumet was extremely pleased with you.
You were near starving.

You visited 3 branches of the dungeon, and saw 12 of its levels.
You also visited: Ossuary and Ice Cave.

You collected 1818 gold pieces.
You spent 528 gold pieces at shops.

Inventory:

Hand Weapons
 b - a +3 scimitar of flaming
 f - a +3 falchion of draining
 x - a +2 falchion of holy wrath
 O - a +1 falchion of freezing
Armour
 B - a +0 pair of gloves (worn)
 J - a +0 cloak (worn)
 K - a +1 pair of boots (worn)
Magical Staves
 a - an uncursed staff of power (weapon)
Jewellery
 i - an uncursed amulet of the gourmand
 j - an amulet of magic regeneration (around neck)
 y - an uncursed ring of protection from cold
 P - a ring of ice (left hand)
 R - a ring of fire (right hand)
 S - a +3 amulet of reflection
Wands
 p - a wand of flame (36/48)
 E - a wand of iceblast (9/15)
 F - a wand of iceblast (10/15)
 H - a wand of iceblast (9/15)
 I - a wand of acid (3/15)
Scrolls
 l - 3 scrolls of magic mapping
 m - a scroll of fear
 q - 3 scrolls of teleportation
 z - 2 scrolls of recharging
 D - 2 scrolls of enchant armour
 G - 2 scrolls of remove curse
Potions
 c - 3 potions of haste
 d - 2 potions of brilliance
 g - a potion of magic
 k - 3 potions of agility
 n - 2 potions of might
 s - a potion of berserk rage
 t - 3 potions of heal wounds
 u - a potion of flight
 A - a potion of invisibility {unknown}
 L - 2 potions of curing
Books
 e - a Young Poisoner's Handbook

   Spells                             Type                      Level
   a - Sting                          Conjuration/Poison           1
   b - Poisonous Vapours              Poison/Air                   2
   c - Mephitic Cloud                 Conjuration/Poison/Air       3
   d - Olgreb's Toxic Radiance        Poison                       4
   e - Venom Bolt                     Conjuration/Poison           5
 w - a book of Flames

   Spells                             Type                      Level
   a - Flame Tongue                   Conjuration/Fire             1
   b - Throw Flame                    Conjuration/Fire             2
   c - Conjure Flame                  Conjuration/Fire             3
   d - Inner Flame                    Hexes/Fire                   3
   e - Sticky Flame                   Conjuration/Fire             4
   f - Fireball                       Conjuration/Fire             5
 C - a book of Conjurations

   Spells                             Type                      Level
   a - Magic Dart                     Conjuration                  1
   b - Searing Ray                    Conjuration                  2
   c - Dazzling Spray                 Conjuration/Hexes            3
   d - Fulminant Prism                Conjuration/Hexes            4
   e - Force Lance                    Conjuration/Translocation    4
   f - Iskenderun's Mystic Blast      Conjuration                  4
Comestibles
 h - 7 fruits
 o - 4 meat rations
 r - 8 royal jellies
 v - 3 chunks of flesh
 M - 10 bread rations


   Skills:
 - Level 7.0 Fighting
 - Level 8.1 Long Blades
 + Level 7.8 Dodging
 - Level 1.7 Stealth
 + Level 9.5 Spellcasting
 - Level 8.9 Conjurations
 - Level 1.2 Summonings
 + Level 9.5 Fire Magic
 + Level 9.4 Poison Magic


You had 10 spell levels left.
You knew the following spells:

 Your Spells              Type           Power        Failure   Level  Hunger
a - Magic Dart            Conj           ####         1%          1    None
b - Searing Ray           Conj           #####.       1%          2    None
c - Flame Tongue          Conj/Fire      #####        1%          1    None
d - Sting                 Conj/Pois      ####         1%          1    None
e - Sticky Flame          Conj/Fire      ######..     1%          4    ###....
f - Summon Small Mammal   Summ           ##..         4%          1    None
g - Fireball              Conj/Fire      ######....   1%          5    #####..
h - Venom Bolt            Conj/Pois      #####.....   1%          5    #####..


Dungeon Overview and Level Annotations

Branches:
Dungeon (9/15)             Temple (1/1) D:4             Orc (2/2) D:9
    Elf (0/3) Orc:2
   Lair: D:8-11

Altars:
Ashenzari
Hepliaklqana
Nemelex Xobeh
Vehumet
Yredelemnul
Zin

Shops:
Orc:1 }   Orc:2 %!=


Innate Abilities, Weirdness & Mutations

You can breathe blasts of noxious fumes.
Your lurid green scales are hard. (AC +8)
You cannot fit into any form of body armour.
Your system is resistant to poisons. (rPois)
You are cold-blooded and may be slowed by cold attacks.


Message History

You exhale a blast of noxious fumes.
The blast of choking fumes hits the orc high priest.
The orc high priest is lightly wounded.
You feel somewhat more hungry.
Your surroundings suddenly seem different.
An orc sorcerer comes into view. It is wielding a dagger.
An orc sorcerer is nearby!
An orc sorcerer is nearby!
The orc sorcerer shouts!
Casting: Sticky Flame
Confirm with . or Enter, or press ? or * to list all spells.
Aiming: Venom Bolt
Press: ? - help, Shift-Dir - straight line, f - orc sorcerer
Aim: an orc sorcerer, wielding a dagger and wearing a robe The bolt of poison hits the orc sorcerer.
The orc sorcerer is poisoned.
The orc sorcerer is heavily wounded.
The orc sorcerer points at you and mumbles some strange words.
The bolt of fire hits you!
You die...

#..............#......###
#....................###.
#...................###∩)
#......#..........###...
#..................###∩.
#.........<.........###.
##.#.................###
# ###............#.#.##
##.##@#..............#
#....#..........<.....
##.............<.......
#..................(...
#....#.............)...
###..........o.....##...
##..)..>.............#...
#........................
##.....##................


You could see an orc sorcerer.

Vanquished Creatures
  Fannar (Orc:1)
  2 ice dragons (IceCv)
  Erica (D:9)
  2 two-headed ogres
  3 orc knights (Orc:2)
  Pikel (D:6)
  The ghost of Goboxel the Skirmisher, a novice HuMo of Dithmenos (D:6)
  2 orc sorcerers
  9 deep elf magi
  Maurice (D:8)
  2 ice statues (IceCv)
  Psyche (D:8)
  4 rime drakes
  A hellwing (Orc:2)
  A troll (Orc:1)
  3 hippogriffs (D:9)
  Eustachio (D:6)
  A human (D:9)
  A chaos spawn (Orc:2)
  9 yaks (D:9)
  A ynoxinul (Orc:2)
  A hungry ghost (D:7)
  4 hogs (D:9)
  A neqoxec (Orc:2)
  A steam dragon (D:8)
  Edmund (D:6)
  2 wargs
  Duvessa (D:5)
  14 ice beasts (IceCv)
  2 black bears
  25 orc warriors
  3 sky beasts
  A slave (D:6)
  9 ogres
  An eye of draining (D:9)
  2 centaurs
  A crocodile (D:8)
  A big kobold (D:7)
  An elf zombie (Ossuary)
  Blork the orc (D:8)
  5 bullfrogs
  Dowan (D:5)
  15 killer bees
  A wight (D:8)
  3 howler monkeys
  2 crimson imps
  A bullfrog zombie (D:8)
  A centaur zombie (Ossuary)
  4 hounds
  2 jellies
  23 orc priests
  24 orc wizards
  A centaur skeleton (D:4)
  A human zombie (Ossuary)
  3 iguanas
  Natasha (twice) (D:3)
  7 worker ants
  2 big kobold zombies (Ossuary)
  2 mummies (Ossuary)
  3 gnolls (D:3)
  7 adders
  A howler monkey skeleton (D:3)
  3 shadow imps
  2 oozes
  2 adder skeletons
  3 adder zombies
  3 worms
  2 dart slugs
  3 leopard geckos
  76 orcs
  4 giant cockroaches
  5 goblins
  7 hobgoblins
  14 jackals
  2 quokkas
  2 ball pythons
  5 bats
  6 frilled lizards
  2 goblin zombies (Ossuary)
  10 hobgoblin zombies (Ossuary)
  2 jackal zombies (Ossuary)
  17 kobolds
  8 kobold zombies (Ossuary)
  2 leopard gecko skeletons
  A leopard gecko zombie (D:7)
  7 orc zombies (Ossuary)
  2 quokka skeletons
  9 rats
  A rat zombie (Ossuary)
431 creatures vanquished.

Vanquished Creatures (others)
  2 slaves (D:6)
  A centaur (D:6)
  A worker ant (D:6)
  An adder skeleton (D:6)
  3 orcs
8 creatures vanquished.

Grand Total: 439 creatures vanquished

Notes
Turn   | Place    | Note
-------+----------+-------------------------------------------
     0 | D:1      | Goboxel the Draconian Conjurer began the quest for the Orb.
     0 | D:1      | Reached XP level 1. HP: 14/14 MP: 3/3
   236 | D:1      | Reached XP level 2. HP: 14/20 MP: 0/5
   351 | D:1      | Learned a level 2 spell: Searing Ray
  1075 | D:2      | Found a radiant altar of Vehumet.
  1091 | D:2      | Became a worshipper of Vehumet
  1164 | D:2      | Reached XP level 3. HP: 26/26 MP: 4/7
  1546 | D:2      | Reached skill level 1 in Fighting
  1625 | D:2      | Found a hazy altar of Hepliaklqana.
  1854 | D:3      | Reached * piety under Vehumet
  1854 | D:3      | Offered knowledge of Flame Tongue by Vehumet.
  1857 | D:3      | Learned a level 1 spell: Flame Tongue
  1967 | D:3      | Reached XP level 4. HP: 35/35 MP: 8/8
  2773 | D:3      | Reached skill level 1 in Fire Magic
  2936 | D:4      | Noticed Natasha
  2949 | D:3      | Killed Natasha
  2949 | D:3      | Reached skill level 5 in Conjurations
  2949 | D:3      | Reached XP level 5. HP: 10/40 MP: 5/10
  3205 | D:3      | Noticed Natasha
  3230 | D:3      | Killed Natasha
  3595 | D:4      | Reached XP level 6. HP: 34/48 MP: 2/11
  3807 | D:4      | Found a staircase to the Ecumenical Temple.
  3827 | D:4      | Offered knowledge of Sting by Vehumet.
  3850 | Temple   | Entered the Ecumenical Temple
  3919 | D:4      | Reached ** piety under Vehumet
  4144 | D:4      | Your scales start taking on a lurid green colour.
  4144 | D:4      | Reached XP level 7. HP: 44/56 MP: 5/13
  4144 | D:4      | Gained mutation: Your system is resistant to poisons. (rPois) [Green Draconian growth]
  4169 | D:4      | HP: 4/84 [poisoned by an orc wizard]
  4175 | D:4      | HP: 4/84 [poisoned by an orc wizard]
  4182 | D:4      | HP: 3/84 [poisoned by an orc wizard]
  4490 | D:4      | Learned a level 1 spell: Sting
  4502 | D:5      | Entered Level 5 of the Dungeon
  4623 | D:5      | Reached skill level 1 in Poison Magic
  4978 | D:5      | Noticed Dowan
  4982 | D:5      | Noticed Duvessa
  5018 | D:6      | Noticed Eustachio
  5039 | D:6      | Killed Eustachio
  5057 | D:6      | Found a sand-covered staircase.
  5091 | Ossuary  | Entered an ossuary
  5252 | Ossuary  | Offered knowledge of Static Discharge by Vehumet.
  5312 | Ossuary  | Reached *** piety under Vehumet
  5434 | Ossuary  | Reached XP level 8. HP: 15/62 MP: 0/15
  5758 | Ossuary  | Offered knowledge of Sticky Flame by Vehumet.
  5770 | Ossuary  | Reached skill level 5 in Spellcasting
  5895 | Ossuary  | Learned a level 4 spell: Sticky Flame
  5930 | D:6      | Noticed Pikel
  5948 | D:6      | Killed Pikel
  6026 | D:6      | Found a sparkling altar of Nemelex Xobeh.
  6026 | D:6      | Found a glowing silver altar of Zin.
  6190 | D:6      | Reached skill level 5 in Poison Magic
  6204 | D:6      | Noticed Edmund
  6218 | D:6      | Killed Edmund
  6218 | D:6      | Reached XP level 9. HP: 46/71 MP: 6/17
  6340 | D:6      | Noticed Goboxel's ghost (novice HuMo)
  6623 | D:6      | Noticed a two-headed ogre
  6639 | D:6      | Killed a two-headed ogre
  6669 | D:6      | Killed Goboxel's ghost
  6669 | D:6      | Reached skill level 5 in Fighting
  6669 | D:6      | Reached skill level 5 in Fire Magic
  6985 | D:6      | Learned a level 1 spell: Summon Small Mammal
  7248 | D:6      | Reached **** piety under Vehumet
  7331 | D:6      | Reached skill level 1 in Summonings
  7504 | D:5      | Learned a level 5 spell: Fireball
  7722 | D:5      | Found a basalt altar of Yredelemnul.
  7765 | D:5      | Killed Dowan
  7765 | D:5      | Offered knowledge of Ignite Poison by Vehumet.
  7776 | D:5      | Killed Duvessa
  8009 | D:5      | You fall through a shaft!
  8536 | D:7      | Reached skill level 1 in Long Blades
  8697 | D:7      | Reached XP level 10. HP: 81/81 MP: 12/20
  9052 | D:7      | Reached skill level 5 in Dodging
  9411 | D:8      | Noticed Maurice
  9420 | D:8      | Killed Maurice
  9538 | D:8      | Noticed Psyche
  9544 | D:8      | Killed Psyche
 10001 | D:8      | Reached ***** piety under Vehumet
 10264 | D:8      | Offered knowledge of Ozocubu's Refrigeration by Vehumet.
 10320 | D:8      | Noticed Blork the orc
 10332 | D:8      | Killed Blork the orc
 10806 | D:9      | Found a shattered altar of Ashenzari.
 10866 | D:9      | Noticed Erica
 10876 | D:9      | Killed Erica
 10975 | D:9      | Reached XP level 11. HP: 66/92 MP: 21/21
 11115 | D:9      | Learned a level 5 spell: Venom Bolt
 11421 | D:9      | Reached skill level 5 in Long Blades
 11577 | D:9      | Noticed a two-headed ogre
 11589 | D:9      | Killed a two-headed ogre
 11800 | D:9      | Offered knowledge of Bolt of Magma by Vehumet.
 11807 | D:9      | Found a staircase to the Orcish Mines.
 11958 | Orc:1    | Entered Level 1 of the Orcish Mines
 12208 | Orc:1    | Noticed Fannar
 12217 | Orc:1    | Killed Fannar
 12361 | Orc:1    | Noticed a deep elf mage
 12368 | Orc:1    | Noticed a deep elf mage
 12373 | Orc:1    | Killed a deep elf mage
 12377 | Orc:1    | Noticed a deep elf mage
 12381 | Orc:1    | Noticed a deep elf mage
 12595 | Orc:1    | Noticed a deep elf mage
 12597 | Orc:1    | Killed a deep elf mage
 12606 | Orc:1    | Killed a deep elf mage
 12750 | Orc:1    | Noticed a deep elf mage
 12771 | Orc:1    | Killed a deep elf mage
 12875 | Orc:1    | Killed a deep elf mage
 12947 | Orc:1    | Noticed a deep elf mage
 12955 | Orc:1    | Killed a deep elf mage
 12982 | Orc:1    | Noticed a deep elf mage
 12988 | Orc:1    | Killed a deep elf mage
 13012 | Orc:1    | Noticed a deep elf mage
 13020 | Orc:1    | Killed a deep elf mage
 13020 | Orc:1    | Reached XP level 12. HP: 90/100 MP: 16/24
 13095 | Orc:1    | Found Usakir's Gadget Shoppe.
 13511 | Orc:2    | Entered Level 2 of the Orcish Mines
 13649 | Orc:2    | Found Egim's Jewellery Emporium.
 13679 | Orc:2    | Found a frozen archway.
 13708 | IceCv    | Entered an ice cave
 14797 | IceCv    | Noticed an ice dragon
 14798 | IceCv    | Noticed an ice dragon
 14807 | IceCv    | Killed an ice dragon
 14820 | IceCv    | Killed an ice dragon
 15116 | IceCv    | Got a slimy ivory ring
 15216 | IceCv    | Identified the ring "Fanorory" {*Tele *Contam Dex+10} (You found it in an ice cave)
 15468 | Orc:2    | Found a staircase to the Elven Halls.
 15654 | Orc:2    | Bought an uncursed amulet of magic regeneration for 450 gold pieces
 15866 | Orc:2    | Found Raxohur's Distillery.
 15891 | Orc:2    | Offered knowledge of Conjure Ball Lightning by Vehumet.
 15940 | Orc:2    | Found Resumpim's Food Shop.
 16018 | Orc:2    | Bought a potion of curing for 39 gold pieces
 16018 | Orc:2    | Bought a potion of flight for 39 gold pieces
 16409 | Orc:2    | Noticed an orc high priest
 16411 | Orc:2    | Noticed an orc high priest
 16436 | Orc:2    | Noticed an orc high priest
 16441 | Orc:2    | Killed from afar by an orc sorcerer

Skill      XL: |  1  2  3  4  5  6  7  8  9 10 11 12 |
---------------+-------------------------------------+-----
Dodging        | 2 3 4 6 7 |  7.8
Fighting       | 1 2 4 5 7 |  7.0
Spellcasting   | 3 4 5 6 7 8 9 |  9.5
Fire Magic     | 1 2 3 4 5 7 8 9 |  9.5
Conjurations   | 5 6 7 8 |  8.9
Poison Magic   | 3 5 6 9 |  9.4
Summonings     | 1 |  1.2
Long Blades    | 1 4 6 8 |  8.1
Stealth        | |  1.7

Action                   |  1- 3 |  4- 6 |  7- 9 | 10-12 || total
-------------------------+-------+-------+-------+-------++-------
Melee: Unarmed           |    11 |       |       |       ||    11
       Tailslap          |     3 |     9 |    25 |    33 ||    70
       Dagger            |    63 |    80 |    46 |       ||   189
       Falchion          |       |       |   142 |    79 ||   221
       Scimitar          |       |       |       |   127 ||   127
       Staff             |       |       |       |    18 ||    18
 Cast: Magic Dart        |    35 |    24 |    31 |    20 ||   110
       Searing Ray       |     3 |     8 |     8 |    16 ||    35
       Flame Tongue      |       |    40 |    96 |   199 ||   335
       Sting             |       |       |    55 |    76 ||   131
       Sticky Flame      |       |       |    14 |    69 ||    83
       Fireball          |       |       |     1 |    22 ||    23
       Summon Small Mamm |       |       |     1 |     1 ||     2
       Venom Bolt        |       |       |       |    58 ||    58
 Abil: Breathe Noxious F |       |       |     1 |     6 ||     7
  Use: Potion            |       |       |     7 |       ||     7
       Scroll            |       |       |    10 |    12 ||    22
 Stab: Sleeping          |     2 |       |       |     1 ||     3
  Eat: Chunk             |    14 |     7 |    17 |    46 ||    84
Armor: Skin              |    10 |    27 |   108 |   141 ||   286
Dodge: Dodged            |    33 |    70 |   203 |   367 ||   673
       Rpst.: Falchion   |       |       |    56 |    26 ||    82
       Scimitar          |       |       |       |    41 ||    41
